Map: Lerilak Crest

Players

Boyarorlov

  • Race: Protoss Protoss
  • League: Platinum

Hindulaatti - Winner!

  • Race: Terran Terran
  • League: Gold

VOD

Have the link to the VOD?

Description

Time

  • Played on: Dec. 19, 2015, 4:33 p.m.
  • Length: 11:02
Show
View Real Time Build Order
Export as new Build Order

Boyarorlov Protoss 

Build Orders: Double Forge 

Get SALT Encoding   

  12  0:01  Probe (Chrono Boost)  
  13  0:11  Probe (Chrono Boost)  
  14  0:18  Pylon  
  14  0:23  Probe (Chrono Boost)  
  15  0:36  Probe (Chrono Boost)  
  15  0:37  Gateway  
  16  0:47  Probe (Chrono Boost)  
  16  0:48  Assimilator  
  17  0:57  Pylon  
  17  0:59  Probe (Chrono Boost)  
  18  1:10  Probe (Chrono Boost)  
  19  1:20  Probe (Chrono Boost)  
  20  1:25  Cybernetics Core  
  20  1:29  Assimilator  
  20  1:31  Probe (Chrono Boost)  
  21  1:41  Pylon  
  21  1:43  Probe (Chrono Boost)  
  22  1:53  Probe (Chrono Boost)  
  23  2:02  Stalker  
  23  2:05  Mothership Core (Chrono Boost)  
  26  2:23  Probe (Chrono Boost)  
  27  2:33  Nexus  
  27  2:38  Probe (Chrono Boost)  
  27  2:40  Warp Gate  
  27  2:42  Pylon  
  28  2:49  Probe (Chrono Boost)  
  29  2:59  Probe (Chrono Boost)  
  29  3:02  Stargate  
  31  3:12  Probe (Chrono Boost)  
  31  3:17  Twilight Council  
  31  3:23  Probe (Chrono Boost)  
  31  3:24  Forge  
  28  3:56  Probe (Chrono Boost)  
  28  3:57  Charge  
  28  4:00  Forge  
  29  4:07  Protoss Ground Weapons Level 1 (Chrono Boost)  
  29  4:09  Pylon  
  29  4:19  Probe (Chrono Boost)  
  31  4:27  Mothership Core (Chrono Boost)  
  32  4:35  Protoss Ground Armor Level 1 (Chrono Boost)  
  32  4:42  Pylon  
  32  4:43  Probe (Chrono Boost)  
  33  4:50  Gateway x2  
  33  4:53  Gateway  
  33  4:56  Probe x2 (Chrono Boost)  
  35  5:06  Probe  
  35  5:07  Probe  
  40  5:14  Assimilator  
  40  5:16  Zealot  
  40  5:17  Probe  
  40  5:18  Assimilator  
  43  5:26  Pylon  
  39  5:40  Phoenix  
  38  5:42  Stalker  
  38  5:44  Resonating Glaives  
  40  5:51  Stalker  
  40  5:54  Probe  
  43  6:14  Phoenix  
  43  6:17  Probe  
  45  6:19  Probe  
  45  6:22  Zealot x4  
  55  6:28  Probe  
  55  6:31  Probe  
  57  6:46  Zealot  
  57  6:47  Zealot x3  
  61  6:49  Probe  
  61  6:50  Probe  
  67  6:59  Probe  
  68  7:02  Probe  
  68  7:06  Protoss Ground Armor Level 2 (Chrono Boost)  
  69  7:13  Zealot x4  
  67  7:21  Protoss Ground Weapons Level 2 (Chrono Boost)  
  55  7:35  Adept x4  
  55  7:36  Probe  
  63  7:37  Probe  
  63  7:41  Photon Cannon  
  65  7:49  Photon Cannon  
  63  7:56  Probe, Photon Cannon  
  63  7:57  Probe  
  65  8:00  Sentry  
  65  8:01  Sentry  
  69  8:17  Photon Cannon x2  
  69  8:31  Adept x3  
  69  8:34  Sentry  
  77  8:37  Probe  
  77  8:39  Probe  
  67  9:04  Stalker x2  
  67  9:05  Probe, Stalker x2  
  67  9:06  Probe  
  77  9:16  Robotics Facility  
  73  9:25  Mothership Core  
  75  9:31  Adept x4  
  83  9:45  Pylon  
  44  10:09  Stalker x4  
  44  10:20  Probe  
  44  10:21  Probe  
  46  10:36  Pylon, Probe  
  46  10:38  Probe  
  48  10:43  Sentry x2  
  48  10:47  Adept  
  54  10:50  Probe  
Show
View Real Time Build Order
Export as new Build Order

Hindulaatti Terran - Winner!

Build Orders: MMM Bio 

Get SALT Encoding   

  12  0:01  SCV  
  13  0:13  SCV  
  14  0:17  Supply Depot  
  14  0:25  SCV  
  15  0:38  SCV  
  15  0:40  Barracks  
  16  0:50  SCV  
  16  0:52  Refinery  
  17  1:03  SCV  
  18  1:15  SCV  
  19  1:27  Marine  
  19  1:28  Orbital Command  
  20  1:40  Command Center  
  20  1:48  Marine  
  20  1:53  Supply Depot  
  20  1:54  SCV  
  22  2:05  Factory  
  22  2:12  SCV  
  23  2:20  Marine  
  24  2:24  SCV  
  25  2:30  Bunker  
  25  2:36  SCV  
  26  2:42  Refinery  
  27  2:48  SCV  
  27  2:49  Widow Mine  
  27  2:51  Barracks Reactor  
  29  2:54  Orbital Command  
  29  3:00  Starport  
  29  3:05  SCV  
  30  3:19  Factory Tech Lab, Barracks x2  
  30  3:23  SCV x2  
  32  3:27  Marine  
  32  3:28  Marine  
  33  3:45  Marine x2  
  33  3:47  Siege Tank  
  38  3:57  SCV  
  38  3:58  SCV  
  40  4:04  Medivac  
  40  4:06  Supply Depot  
  40  4:07  Supply Depot, Barracks Tech Lab, Barracks Reactor  
  42  4:15  Engineering Bay  
  42  4:16  SCV x2  
  44  4:24  Marine  
  44  4:25  Marine  
  44  4:28  SCV x2  
  48  4:32  Supply Depot x2  
  48  4:35  Stimpack  
  48  4:40  SCV x2  
  48  4:45  Marine x4  
  53  4:46  Marine  
  53  4:52  SCV  
  56  4:53  SCV, Terran Infantry Weapons Level 1  
  57  5:02  Marine  
  57  5:03  Marine  
  57  5:04  SCV  
  57  5:05  Widow Mine, SCV  
  63  5:09  Starport Reactor  
  63  5:15  Refinery  
  63  5:18  Supply Depot, Marine x3  
  63  5:19  Supply Depot  
  63  5:20  Marine, SCV  
  68  5:22  SCV  
  69  5:31  Marine  
  69  5:32  SCV  
  71  5:36  Marine x3  
  71  5:38  Marine  
  75  5:48  Command Center  
  75  5:49  Marine  
  76  5:53  Marine  
  76  5:54  Widow Mine, Marine x2  
  76  5:55  Medivac  
  76  5:56  Marine  
  84  5:59  Medivac  
  84  6:00  SCV  
  84  6:01  SCV  
  88  6:08  Marine  
  89  6:11  Marine  
  89  6:12  Marine, SCV  
  89  6:13  Marine, SCV  
  94  6:41  Marine  
  94  6:42  SCV x2  
  94  6:49  Combat Shields  
  94  6:56  Starport  
  94  6:57  Supply Depot, Barracks x2  
  94  6:58  Supply Depot x2  
  94  6:59  Medivac x2, Supply Depot, Marine x2, Orbital Command  
  100  7:15  Marine  
  91  7:16  Widow Mine, Marine x2  
  91  7:17  Marine x2  
  91  7:29  Medivac x2  
  90  7:30  SCV x3  
  90  7:32  Terran Infantry Armor Level 1  
  90  7:33  Marine x2  
  90  7:35  Refinery  
  95  7:42  Orbital Command  
  95  7:44  Widow Mine  
  95  7:49  Barracks Tech Lab x2  
  95  7:56  Marine  
  95  7:57  Marine x4  
  100  8:04  Refinery  
  99  8:13  Refinery  
  99  8:14  Marine  
  99  8:15  Marine x3  
  99  8:16  Marauder x3  
  99  8:17  Concussive Shells  
  109  8:29  Medivac x2, Starport Tech Lab  
  109  8:31  Widow Mine  
  115  8:48  Command Center  
  115  8:50  Liberator  
  113  9:01  Marine  
  113  9:02  Marine x6  
  118  9:04  Widow Mine  
  118  9:05  Medivac x2  
  127  9:14  Fusion Core  
  127  9:15  Supply Depot  
  127  9:16  Supply Depot x2  
  127  9:19  Marine  
  127  9:20  Marine x6  
  129  9:32  Liberator, Widow Mine  
  129  9:35  Medivac x2  
  129  9:37  Marine  
  129  9:38  Marauder x3, Marine  
  143  9:39  SCV x3  
  146  9:51  SCV x3  
  146  9:52  Marine x2  
  154  9:55  Marine x2  
  154  9:59  Marine x2  
  158  10:00  Marauder  
  158  10:01  Widow Mine  
  158  10:06  Medivac x2  
  154  10:09  Marine  
  154  10:10  Marine  
  154  10:11  Orbital Command  
  154  10:13  Marine x2  
  151  10:17  Marine x2  
  151  10:20  Marine  
  150  10:27  Marine  
  150  10:28  Marine  
  152  10:30  Widow Mine  
  154  10:42  Marine  
  161  10:46  SCV x2  
  161  10:47  SCV  
  171  10:58  Refinery  
Tags
 
Composition
MMM Bio
Matchup
PvT
Replay Pack
22.2.2016
Add a new tag
Caveats
  • Supply blocks, unpowered buildings, or Contaminate may cause inaccurate times.
  • Supply counts are checked every 10 seconds.